 Dungeon Crawl Stone Soup version 0.29-a0-821-g66395355a5 (webtiles) character file.

Game seed: 7797863420995471225

126 avis the Chiller (level 4, -1/36 HPs)
             Began as a Demigod Ice Elementalist on July 7, 2022.
             Slain by an orc wizard
             ... wielding a +0 dagger
              (4 damage)
             ... on level 3 of the Dungeon.
             The game lasted 00:16:25 (4019 turns).

avis the Chiller (Demigod Ice Elementalist)         Turns: 4019, Time: 00:16:26

Health: -1/36      AC:  2    Str:  9    XL:     4   Next: 54%
Magic:  0/11       EV: 12    Int: 17    God:
Gold:   52         SH:  0    Dex: 18    Spells: 0/9 levels left

rFire   . . .      SeeInvis .   e - +0 short sword
rCold   . . .      Faith    .   (no shield)
rNeg    + . .      Spirit   .   a - +0 robe
rPois   .          Reflect  .   (no helmet)
rElec   .          Harm     .   (no cloak)
rCorr   .          Rampage  .   (no gloves)
Will    .....                   (no boots)
Stlth   ++........              (no amulet)
HPRegen 0.12/turn               s - ring of positive energy
MPRegen 0.12/turn               (no ring)

@: no status effects
A: high MP 1, forlorn, divine attributes
a: no special abilities


You were on level 3 of the Dungeon.
You visited 1 branch of the dungeon, and saw 3 of its levels.

You collected 161 gold pieces.
You spent 109 gold pieces at shops.

Inventory:

Hand Weapons
 e - a +0 short sword (weapon)
Missiles
 i - 3 javelins
 q - 3 boomerangs
Armour
 a - a +0 robe (worn)
Jewellery
 s - a ring of positive energy (left hand)
Wands
 r - a wand of polymorph (4)
Scrolls
 c - 3 scrolls of fear {unknown}
 f - a scroll of enchant armour {unknown}
 g - a scroll of torment {unknown}
 h - a scroll of identify {unknown}
 j - 2 scrolls of fog {unknown}
 l - a scroll of vulnerability {unknown}
 m - a scroll of magic mapping
 n - a scroll of poison
 o - 3 scrolls of teleportation
Potions
 b - 2 potions of magic
 d - 5 potions of heal wounds {unknown}
 k - 4 potions of curing {unknown}
 p - a potion of mutation {unknown}


   Skills:
 - Level 2.0 Fighting
 - Level 2.0 Dodging
 - Level 2.0 Stealth
 * Level 3.2 Spellcasting
 - Level 4.0 Ice Magic


You couldn't memorise any spells.
You knew the following spells:

 Your Spells              Type           Power      Damage    Failure   Level
a - Freeze                Ice            64%        1d8       3%          1
e - Wereblood             Tmut           2%         N/A       26%         2
o - Ozocubu's Armour      Ice            16%        N/A       10%         3
r - Frozen Ramparts       Ice            32%        1d5       10%         3

Your spell library contained the following spells:

 Spells                   Type           Power      Damage    Failure   Level
 Sublimation of Blood     Necr           2%         N/A       26%         2
 Confusing Touch          Hex            2%         N/A       45%         3
 Hailstorm                Conj/Ice       9%         3d4       58%         4
 Yara's Violent Unravell  Hex/Tmut       1%         3d3       99%         5
 Enfeeble                 Hex            1%         N/A       100%        7
 Summon Hydra             Summ           1%         N/A       100%        7


Dungeon Overview and Level Annotations

Branches:
Dungeon (3/15)

Shops:
D:1 ?

Annotations:
D:3 1 runed translucent door, miscthings's ghost, amateur MeFi


Innate Abilities, Weirdness & Mutations

You have an increased reservoir of magic. (+10% MP)
You shall have no god before yourself.
Your divine heritage dramatically boosts your attributes as you level up.


Message History

Casting: Freeze (safe; 3% risk of failure)
Confirm with . or Enter, or press ? or * to list all spells.
Aiming: Freeze (safe; 3% risk of failure)
Press: ? - help, Shift-Dir - straight line, f - orc
Aim: an orc, wielding a +0 club (moderately wounded)
You freeze the orc.
You kill the orc!
You hear some strange, mumbled words.
A magic dart appears from out of thin air!
The magic dart hits you!
Casting: Freeze (safe; 3% risk of failure)
Confirm with . or Enter, or press ? or * to list all spells.
Aiming: Freeze (safe; 3% risk of failure)
Press: ? - help, Shift-Dir - straight line You freeze something.
Something hits you.
Casting: Freeze (safe; 3% risk of failure)
Confirm with . or Enter, or press ? or * to list all spells.
You don't have enough magic to cast this spell.
You miss something. Something hits you.
You miss something.
You hear some strange, mumbled words.
Something tries to affect you, but you resist.
You miss something. Something hits you but does no damage.
You closely miss something. Something hits you.
You miss something. Something hits you.
* * * LOW HITPOINT WARNING * * *
Casting: Freeze (safe; 3% risk of failure)
Confirm with . or Enter, or press ? or * to list all spells.
Aiming: Freeze (safe; 3% risk of failure)
Press: ? - help, Shift-Dir - straight line You freeze something.
Something hits you.
* * * LOW HITPOINT WARNING * * *
Your magical contamination has completely faded away.
You barely miss something. Something hits you but does no damage.
Something hits you.
* * * LOW HITPOINT WARNING * * *
You barely miss something. Something hits you.
* * * LOW HITPOINT WARNING * * *
You miss something. Something hits you.
You die...

.............##..รท..(#
#.#
.............##......#
#.#
.............##......#
#.#
###############......#
#.# #...#### #.#
######..#..# #+#
#.......+$8#
.......#..#WP#
.......#@#####
.......#{# #........#
#........# .........#
.........# ......#
####+#.#


You could see miscthings's ghost.

Vanquished Creatures
  4 gnolls
  2 adders
  A dart slug (D:1)
  2 orcs (D:3)
  4 bats
  2 endoplasms (D:2)
  4 giant cockroaches
  3 goblins
  10 hobgoblins
  6 jackals (D:1)
  8 kobolds
  2 quokkas
  8 ball pythons
  3 frilled lizards (D:1)
  4 rats
63 creatures vanquished.

Vanquished Creatures (others)
  A withered plant (D:3)
1 creature vanquished.

Grand Total: 64 creatures vanquished

Notes
Turn   | Place    | Note
-------+----------+-------------------------------------------
     0 | D:1      | avis the Demigod Ice Elementalist began the quest for the
                  | Orb.
     0 | D:1      | Reached XP level 1. HP: 14/14 MP: 5/5
   119 | D:1      | Reached skill level 1 in Fighting
   250 | D:1      | Reached XP level 2. HP: 21/23 MP: 5/7
   416 | D:1      | Found Jiuchoyt's Magic Scroll Boutique.
  1074 | D:1      | Reached XP level 3. HP: 29/29 MP: 6/8
  1196 | D:1      | Learned a level 3 spell: Ozocubu's Armour
  1199 | D:1      | Learned a level 2 spell: Wereblood
  1516 | D:1      | Reached skill level 4 in Ice Magic
  1778 | D:1      | Bought a scroll of magic mapping for 38 gold pieces
  1780 | D:1      | Bought a scroll of poison for 38 gold pieces
  1780 | D:1      | Bought a scroll of teleportation for 33 gold pieces
  2416 | D:2      | Reached XP level 4. HP: 29/36 MP: 1/10
  3069 | D:2      | Learned a level 3 spell: Frozen Ramparts
  3690 | D:3      | Found a runed translucent door.
  3992 | D:3      | Noticed miscthings's ghost (amateur MeFi)
  4019 | D:3      | Slain by an orc wizard

Illustrated notes

Levels and vault maps discovered:
D:1:      wheals_arrival_linesprint, layout_loops_corners,
          hellmonk_ecumenical_altar_lost_god, serial_shops, shop_statue
D:2:      layout_loops_ring, nrook_mini_backslash, kennysheep_donut,
          solitary_fountain, grunt_ministairs_11, minmay_misc_feat_four_crosses
D:3:      layout_basic, gammafunk_ghost_grave

Skill      XL: |  1  2  3  4 |
---------------+-------------+-----
Fighting       | 1 2 |  2.0
Spellcasting   | 2 3 |  3.2
Ice Magic      | 4 |  4.0
Dodging        | 2 |  2.0
Stealth        | 2 |  2.0

Action                   |  1- 3 |  4- 6 || total
-------------------------+-------+-------++-------
Melee: Unarmed           |     8 |       ||     8
       Short sword       |     8 |    10 ||    18
 Cast: Freeze            |    70 |    38 ||   108
       Ozocubu's Armour  |     3 |     1 ||     4
 Stab: Sleeping          |     3 |     2 ||     5
Armor: Robe              |    10 |     6 ||    16
Dodge: Dodged            |    41 |    16 ||    57

Table legend: (Time is in decaauts)
 A = Elapsed time spent in this place.
 B = Non-inter-level travel time spent in this place.
 C = Inter-level travel time spent in this place.
 D = Time resting spent in this place.
 E = Time spent auto-exploring this place.
 F = Levels seen in this place.
 G = Mean time per level.
                   A        B        C        D        E       F      G
               +--------+--------+--------+--------+--------+-----+--------+
         Total |   4024 |   3661 |    363 |   1507 |   1501 |   3 | 1341.3 |
       Dungeon |   4024 |   3661 |    363 |   1507 |   1501 |   3 | 1341.3 |
               +--------+--------+--------+--------+--------+-----+--------+

Top non-repeatable levels by time:
     D:1: 2220 daAuts
     D:2: 1243 daAuts
     D:3: 560 daAuts
